 Dungeon Crawl Stone Soup version 0.31-a0-1376-g36f0627844 (webtiles) character file.

Game seed: 6986715141150612520

352 Jannitor the Trooper (level 6, -14/67 HPs)
             Began as an Oni Delver on Dec 24, 2023.
             Demolished by an ogre
             ... wielding a +0 giant club
              (26 damage)
             ... on level 4 of the Dungeon.
             The game lasted 00:03:30 (2753 turns).

Jannitor the Trooper (Oni Delver)                   Turns: 2753, Time: 00:03:31

Health: -14/67     AC:  4    Str: 19    XL:     6   Next: 62%
Magic:  6/6        EV: 10    Int: 11    God:
Gold:   188        SH:  0    Dex: 10    Spells: 5/5 levels left

rFire   . . .        a - +0 mace (flame)
rCold   . . .        (no shield)
rNeg    . . .        b - +1 robe
rPois   +            (helmet restricted)
rElec   .            (no cloak)
rCorr   .            (gloves unavailable)
SInv    .            (boots unavailable)
Will    .....        f - amulet of faith
Stlth   ++           e - ring of poison resistance
HPRegen 0.31/turn    (no ring)
MPRegen 0.10/turn

%: faith
@: invisible
A: large, unfitting armour, horns 1, tough skin 1, double potion healing,
drunken brawling
a: no special abilities


You were on level 4 of the Dungeon.
You visited 1 branch of the dungeon, and saw 5 of its levels.

You collected 188 gold pieces.

Inventory:

Hand Weapons
 a - a +0 mace of flaming (weapon)
Armour
 b - a +1 robe (worn)
Jewellery
 e - a ring of poison resistance (left hand)
 f - an amulet of faith (around neck)
Wands
 d - a wand of flame (19)
 g - a wand of digging (3)
Scrolls
 c - 2 scrolls of fog
 i - a scroll of identify {unknown}
 k - 3 scrolls of revelation
Potions
 h - a potion of invisibility
 m - a potion of brilliance {unknown}
 o - a potion of heal wounds {unknown}


   Skills:
 + Level 5.9 Fighting
 + Level 3.7 Maces & Flails
 + Level 3.3 Dodging
 + Level 4.6 Stealth


You had 5 spell levels left.
You didn't know any spells.
Your spell library contained the following spells:

 Spells                   Type           Power      Damage    Failure   Level
 Ensorcelled Hibernation  Hex/Ice        0%         N/A       47%         2
 Passwall                 Alch/Erth      0%         N/A       47%         2
 Swiftness                Air            0%         N/A       71%         3
 Summon Forest            Summ/Tloc      0%         N/A       100%        5
 Eringya's Noxious Bog    Alch           0%         4d6       100%        6
 Summon Hydra             Summ           0%         N/A       100%        7


Dungeon Overview and Level Annotations

Branches:
Dungeon (5/15)
 Temple: D:4-7

Altars:

Annotations:
D:3 1 runed translucent door, Crazy Yiuf
D:5 Blork the orc


Innate Abilities, Weirdness & Mutations

You are too large for most types of armour.
You have a pair of small horns on your head.
You have tough skin. (AC +1)
You gain doubled healing and magic from potions.
Whenever you drink a healing potion, you attack all around you.


Message History

The endoplasm misses you.
You hit the endoplasm. You burn the endoplasm.
You kill the endoplasm!
No target in view!
No target in view!
HP restored.
Found 3 stones.
Found a storm talisman.
A goblin comes into view. It is wielding a +0 club.
The goblin shouts!
A goblin is nearby!
A goblin is nearby!
The goblin hits you but does no damage.
You thump the goblin! You burn the goblin.
You kill the goblin!
An orc comes into view. It is wielding a +0 mace.
An orc is nearby!
The orc shouts!
An ogre comes into view. It is wielding a +0 giant club.
Found an escape hatch in the floor.
You barely miss the orc. The orc closely misses you.
The orc hits you with a +0 mace.
The ogre shouts!
You hit the orc. You burn the orc. You headbutt the orc.
You kill the orc!
The ogre hits you with a +0 giant club!!
Things that are here:
a +0 mace; an orc corpse You barely miss the ogre.
The ogre hits you with a +0 giant club!!
* * * LOW HITPOINT WARNING * * *
You are too injured to fight recklessly!
Okay, then.
Unknown command.
It was a potion of invisibility.
You fade into invisibility!
You hit the ogre. You burn the ogre.
The ogre is lightly wounded.
The ogre hits you with a +0 giant club!!
You die...

.#....#..............
.##....#.............#
#<...#..............
....#................
#...#..............#
..###..#...........## . .#
#..##.........#.#... .
#..##[?.....#.......
#..###...)..@O...... #.##
#...#........># #.
#...###........# .. #....
#...#####. #.........#
###. #.....
............##... ......
.....#............#......
.....#.......#.#.##.).....
....... #...............


You could see an ogre (unable to see you).

Vanquished Creatures
  Sigmund (D:3)
  A jelly (D:4)
  An orc priest (D:3)
  An orc wizard (D:3)
  2 adders
  A worm (D:2)
  5 dart slugs
  4 orcs
  6 bats
  11 endoplasms
  2 giant cockroaches (D:3)
  6 goblins
  7 hobgoblins
  6 kobolds
  6 quokkas
  6 ball pythons
  2 frilled lizards (D:1)
  4 rats
72 creatures vanquished.

Notes
Turn   | Place    | Note
-------+----------+-------------------------------------------
     0 | D:5      | Jannitor the Oni Delver began the quest for the Orb.
     0 | D:5      | Reached XP level 1. HP: 24/24 MP: 1/1
    68 | D:5      | Noticed Blork the orc
   129 | D:4      | Reached XP level 2. HP: 21/32 MP: 2/2
   257 | D:4      | Reached XP level 3. HP: 40/40 MP: 3/3
   359 | D:3      | Reached XP level 4. HP: 35/49 MP: 4/4
   367 | D:3      | Reached skill level 5 in Fighting
   369 | D:3      | Reached XP level 5. HP: 13/57 MP: 5/5
  1247 | D:1      | Found a faded altar of an unknown god.
  2320 | D:3      | Found a runed translucent door.
  2321 | D:3      | Noticed Crazy Yiuf
  2466 | D:3      | Noticed Sigmund
  2475 | D:3      | Killed Sigmund
  2476 | D:3      | Reached XP level 6. HP: 67/67 MP: 6/6
  2753 | D:4      | Demolished by an ogre

Illustrated notes

Levels and vault maps discovered:
D:1:      lemuel_arrival_muddy, layout_basic,
          hellmonk_ecumenical_altar_crossroads, minivault_27
D:2:      layout_basic
D:3:      layout_rooms, uniq_sigmund, uniq_crazy_yiuf_cottage
D:4:      layout_cave_pools, serial_glass, glass_columns_a, glass_columns_a,
          feat_on_display, due_unseen_surprise, minmay_strange_pillars,
          uniq_eustachio, uniq_robin
D:5:      layout_gridville, grunt_dithmenos_smoke_and_mirrors,
          uniq_blork_the_orc

Skill      XL: |  1  2  3  4  5 |
---------------+----------------+-----
Dodging        | 2 3 |  3.3
Stealth        | 4 |  4.6
Fighting       | 5 |  5.9
Maces & Flails | 3 |  3.7

Action                     |  1- 3 |  4- 6 || total
---------------------------+-------+-------++-------
  Melee: Mace              |    42 |   146 ||   188
         Headbutt          |     9 |    23 ||    32
         Punch             |     2 |     2 ||     4
    Use: Scroll            |     2 |     5 ||     7
         Potion            |     1 |     1 ||     2
   Stab: Sleeping          |     1 |    11 ||    12
 Armour: Robe              |    22 |    96 ||   118
  Dodge: Dodged            |    29 |    84 ||   113

Table legend: (Time is in decaauts)
 A = Elapsed time spent in this place.
 B = Non-inter-level travel time spent in this place.
 C = Inter-level travel time spent in this place.
 D = Time resting spent in this place.
 E = Time spent auto-exploring this place.
 F = Levels seen in this place.
 G = Mean time per level.
                   A        B        C        D        E       F      G
               +--------+--------+--------+--------+--------+-----+--------+
         Total |   2782 |   2620 |    162 |    204 |   1825 |   5 |  556.4 |
       Dungeon |   2782 |   2620 |    162 |    204 |   1825 |   5 |  556.4 |
               +--------+--------+--------+--------+--------+-----+--------+

Top non-repeatable levels by time:
     D:1: 826 daAuts
     D:3: 809 daAuts
     D:2: 783 daAuts
     D:4: 253 daAuts
     D:5: 110 daAuts
